 Dungeon Crawl Stone Soup version 0.29-a0-384-g6960b1960d (webtiles) character file.

Game seed: 1255797912997254009

7 spaghetti the Skirmisher (level 1, 18/18 HPs)
             Began as a Demonspawn Berserker on May 6, 2022.
             Was a Follower of Trog.
             Quit the game on level 1 of the Dungeon.
             The game lasted 00:00:38 (90 turns).

spaghetti the Skirmisher (Demonspawn Berserker)       Turns: 90, Time: 00:00:38

Health: 18/18      AC:  2    Str: 17    XL:     1   Next: 83%
Magic:  1/1        EV: 12    Int:  8    God:    Trog [*.....]
Gold:   0          SH:  0    Dex: 12    Spells: 0/0 levels left

rFire   . . .      SeeInvis .     - Unarmed
rCold   . . .      Faith    .   (no shield)
rNeg    . . .      Spirit   .   a - +0 animal skin
rPois   .          Reflect  .   (no helmet)
rElec   .          Harm     .   (no cloak)
rCorr   .          Rampage  .   (no gloves)
Will    .....                   (no boots)
Stlth   +.........              (no amulet)
HPRegen 0.06/turn               (no ring)
MPRegen 0.07/turn               (no ring)

@: no status effects
A: no striking features
a: Renounce Religion, Berserk


You were on level 1 of the Dungeon.
You worshipped Trog.
Trog was aware of your devotion.
You visited 1 branch of the dungeon, and saw 1 of its levels.


   Skills:
 + Level 3.5 Fighting
 - Level 1.7 Armour
 - Level 1.7 Dodging
 - Level 2.6 Unarmed Combat


You couldn't memorise any spells.
You didn't know any spells.
Your spell library was empty.

Inventory:

Armour
 a - a +0 animal skin (worn)

Dungeon Overview and Level Annotations

Branches:
Dungeon (1/15)

Altars:

..... .... ...# #. ###
...#..# # #.. .......
###.## ....... .....#
###...#...
.....##########.@.....#
###..#.....†..).#....#..
##.....############.#...
##...### .# . ##...#####
# .......... ##.#######
#..# #.###


There were no monsters in sight!


Message History

🤖 Initializing magus.rc ...
Options error: Delay interrupt name "hungry" not recognised. (~/.crawlrc:4761) Options error: Bad monster_list_colour key: strict_neutral (~/.crawlrc:4776) Bad channel name for runrest: 'pray:' ✅ Successfully initialized magus.rc [v1.9.6] Welcome, spaghetti the Demonspawn Berserker.
Everyone else who sought the Orb of Zot has failed.
Will you be different?
Trog says: Kill them all!
Press ? for a list of commands and other information.
Found a staircase leading out of the dungeon.
There is an empty arch of ancient stone here.
A bat comes into view.
A sourceless malevolence fills the Dungeon... and a teleportation trap spontaneously manifests!
You are yanked towards some nearby monsters!
Your surroundings suddenly seem different.
A bat and a giant cockroach come into view.
The giant cockroach barely misses you.
Unknown command.
You hit the giant cockroach but do no damage.
The giant cockroach closely misses you. x2
You hit the giant cockroach but do no damage.
The giant cockroach closely misses you.
You barely miss the giant cockroach. The bat misses you.
The giant cockroach waves its antennae.
The giant cockroach completely misses you.
You hit the giant cockroach. The bat closely misses you. The bat misses you.
The giant cockroach bites you. 😕 HP[-1]
You take 1 damage, and now have 17/18 hp.
You hit the giant cockroach but do no damage.
The bat closely misses you. The giant cockroach closely misses you.
You closely miss the giant cockroach. The bat hits you but does no damage.
The bat barely misses you.
The giant cockroach bites you but does no damage.
You hit the giant cockroach but do no damage.
The bat hits you but does no damage. The bat barely misses you.
The giant cockroach bites you. 😕 HP[-1]
You take 1 damage, and now have 16/18 hp.
You closely miss the giant cockroach. The bat closely misses you.
The giant cockroach closely misses you. The bat misses you.
You barely miss the giant cockroach. The bat closely misses you.
The giant cockroach barely misses you.
You hit the giant cockroach.
You kill the giant cockroach!
Trog accepts your kill. The bat closely misses you.
You hit the bat.
You kill the bat!
Trog accepts your kill.
You see here a giant cockroach corpse.
Key pressed, stopping explore.
A ball python comes into view.
The ball python hisses angrily. 😎 HP[+2]
Your hp is fully restored (18).
A ball python is nearby!
A kobold comes into view. It is wielding a +0 whip.
The kobold shouts!
You hit the ball python.
You kill the ball python!
Trog accepts your kill.
You see here a ball python corpse.
The kobold throws a stone.
The stone misses you.
A rat comes into view.
The kobold barely misses you.
You barely miss the kobold. Your punch misses the kobold.
A rat comes into view.
The kobold misses you.
You barely miss the kobold.
The kobold hits you with a +0 whip. 😕 HP[-1]
You take 1 damage, and now have 17/18 hp.
You hit the kobold.
You kill the kobold!
Trog accepts your kill.
An endoplasm comes into view.
Things that are here:
a +0 whip {mace}; 5 stones {throwing}; a kobold corpse 😎 HP[+1]
Your hp is fully restored (18).
The endoplasm quivers.
You hit the rat.
You kill the rat!
Trog accepts your kill. The endoplasm barely misses you.
You hit the endoplasm.
You kill the endoplasm!
Trog accepts your kill.
You hit the rat.
You kill the rat!
Trog accepts your kill.
You see here a rat corpse.
Are you sure you want to abandon this character and quit the game? (Confirm with "yes".)

Action                   || total
-------------------------++-------
Melee: Unarmed           ||    18
Armor: Animal skin       ||     3
Dodge: Dodged            ||    22

Levels and vault maps discovered:
D:1:      mainiacjoe_arrival_reflecting_pool, layout_loops_cross,
          hellmonk_ecumenical_altar_blasted

Notes
Turn   | Place    | Note
-------+----------+-------------------------------------------
     0 | D:1      | spaghetti the Demonspawn Berserker began the quest for the
                  | Orb.
     0 | D:1      | Reached XP level 1. HP: 18/18 MP: 1/1
     0 | D:1      | magus.rc [v1.9.6]
    90 | D:1      | Quit the game

Vanquished Creatures
  An endoplasm (D:1)
  A giant cockroach (D:1)
  A kobold (D:1)
  A ball python (D:1)
  A bat (D:1)
  2 rats (D:1)
7 creatures vanquished.

Table legend:
 A = Non-vault XP
 B = Vault XP
 C = Vault XP percentage of total XP
 D = Non-vault monster count
 E = Vault monster count
 F = Vault count percentage of total count
                 A         B        C        D         E       F
            +---------+---------+-------+---------+---------+-------
      Total |      10 |       0 |   0.0 |       7 |       0 |   0.0
            +---------+---------+-------+---------+---------+-------
        D:1 |      10 |       0 |   0.0 |       7 |       0 |   0.0
            +---------+---------+-------+---------+---------+-------

Illustrated notes

Table legend:
 A = Kills in this place as a percentage of kills in entire the game.
 B = Kills by you in this place as a percentage of kills by you in the entire game.
 C = Kills by friends in this place as a percentage of kills by friends in the entire game.
 D = Other kills in this place as a percentage of other kills in the entire game.
 E = Experience gained in this place as a percentage of experience gained in the entire game.
 F = Experience gained in this place divided by the number of levels of this place that you have seen.
                   A       B       C       D       E      F
               +-------+-------+-------+-------+-------+----------------------
         Total | 100.0 | 100.0 |   N/A |   N/A | 100.0 |  10.0
       Dungeon | 100.0 | 100.0 |   N/A |   N/A | 100.0 |  10.0
               +-------+-------+-------+-------+-------+----------------------

Table legend: (Time is in decaauts)
 A = Elapsed time spent in this place.
 B = Non-inter-level travel time spent in this place.
 C = Inter-level travel time spent in this place.
 D = Time resting spent in this place.
 E = Time spent auto-exploring this place.
 F = Levels seen in this place.
 G = Mean time per level.
                   A        B        C        D        E       F      G
               +--------+--------+--------+--------+--------+-----+--------+
         Total |     89 |     89 |      0 |      0 |     58 |   1 |   89.0 |
       Dungeon |     89 |     89 |      0 |      0 |     58 |   1 |   89.0 |
               +--------+--------+--------+--------+--------+-----+--------+

Top non-repeatable levels by time:
     D:1: 89 daAuts
